AoeStats
← Fravo

Black Forest

510028565Analyzed
4v4 RM · 2d ago on Sep 29, 2026· 65m 45s· 8 players
Game mode
Random Map
Map size
Large (8 player)
Population
200
Speed
Normal
Resources
Standard
Victory
Conquest
Starting age
Dark Age
Ending age
Imperial Age
RankedLock teamsTeams togetherTeam positionsShared explorationLock speedFull tech treeHidden civsTurbo modeCheats
Victory
Defeat
🇲🇽 Danes · Mexico
1233
+11
🇳🇮 Teutons · Nicaragua
1105
+16
🇲🇽 Italians · Mexico
1097
+17
🇺🇸 Ethiopians · United States
1083
+17
🇸🇪 Aztecs · Sweden
1138
-16
🇲🇽 Byzantines · Mexico
1120
-16
1117
-15
🇨🇦 Britons · Canada
1088
-14
dl ReAPeR lRz
1:47 Loom
18:13 Feudal Age
19:27 Double-Bit Axe
23:39 Castle Age
21:33 Fishing Lines
24:44 Bow Saw
24:17 Horse Collar
25:54 Wheelbarrow
27:39 Gillnets
28:41 Hand Cart
31:12 Imperial Age
29:37 Fortified Wall
30:23 Gold Mining
30:23 Stone Mining
30:36 Heavy Plow
31:01 Forging
30:57 Scale Barding Armor
31:02 Forging
30:57 Scale Barding Armor
30:42 Fletching
31:46 Treadmill Crane
32:27 Ballistics
32:03 Murder Holes
32:08 Elite Cataphract
33:58 Logistica
34:56 Gold Shaft Mining
34:59 Stone Shaft Mining
35:41 Two-Man Saw
37:11 Conscription
39:10 Chemistry
40:33 Chain Barding Armor
40:48 Iron Casting
40:33 Chain Barding Armor
40:48 Iron Casting
41:04 Iron Casting
42:09 Crop Rotation
45:00 Plate Barding Armor
51:20 Caravan
54:34 Scale Mail Armor
54:30 Bodkin Arrow
54:35 Padded Archer Armor
54:29 Elite Skirmisher
56:39 Thumb Ring
59:18 Bracer
59:33 Leather Archer Armor
59:18 Bracer
59:33 Leather Archer Armor
61:35 Light Cavalry
62:15 Husbandry
62:22 Hussar
64:16 Hoardings
64:23 Chain Mail Armor
Cursecrab
0:39 Loom
11:45 Feudal Age
16:23 Castle Age
16:21 Double-Bit Axe
19:12 Wheelbarrow
22:11 Fishing Lines
24:06 Squires
27:02 Scale Mail Armor
27:12 Forging
27:03 Horse Collar
29:33 Scale Mail Armor
32:02 Chain Mail Armor
32:48 Forging
33:29 Hand Cart
37:12 Arson
40:48 Imperial Age
39:02 Iron Casting
38:49 Fletching
39:17 Elite Skirmisher
40:15 Atlatl
41:35 Padded Archer Armor
41:30 Bodkin Arrow
43:08 Conscription
43:22 Leather Archer Armor
43:07 Bracer
42:38 Capped Ram
43:46 Ballistics
46:15 Chemistry
47:33 Plate Mail Armor
48:03 Blast Furnace
47:29 Heavy Plow
49:37 Bow Saw
49:21 Elite Jaguar Warrior
52:31 Town Watch
54:35 Siege Engineers
54:32 Murder Holes
57:56 Eagle Warrior
58:55 Elite Eagle Warrior
Sean
1:59 Loom
12:27 Feudal Age
16:32 Castle Age
14:28 Double-Bit Axe
14:25 Fishing Lines
18:07 Bow Saw
19:29 Gillnets
24:52 Wheelbarrow
24:44 Horse Collar
27:21 Gold Mining
28:27 Hand Cart
32:19 Imperial Age
29:46 Stone Mining
30:08 Fletching
30:18 Town Watch
31:59 Bodkin Arrow
32:54 Gold Shaft Mining
32:23 Padded Archer Armor
33:25 Heavy Plow
34:20 Yeomen
34:22 Elite Longbowman
35:35 Bracer
36:57 Leather Archer Armor
37:43 Ballistics
38:24 Chemistry
38:32 Two-Man Saw
38:04 Warwolf
40:56 Ring Archer Armor
43:54 Caravan
45:45 Guilds
45:05 Onager
49:04 Capped Ram
八十万禁军教头
4:50 Loom
10:55 Feudal Age
15:20 Castle Age
14:14 Double-Bit Axe
15:25 Fishing Lines
18:36 Bow Saw
24:51 Wheelbarrow
24:13 Horse Collar
28:15 Imperial Age
27:49 Chemistry
27:29 Hand Cart
28:23 Wagenburg Tactics
28:52 Heavy Plow
30:08 Two-Man Saw
29:44 Houfnice
30:45 Elite Skirmisher
31:25 Fletching
31:35 Padded Archer Armor
31:26 Fletching
31:46 Forging
31:36 Scale Mail Armor
31:47 Forging
31:37 Scale Mail Armor
31:35 Town Watch
32:26 Hussite Reforms
31:46 Elite Hussite Wagon
35:08 Ballistics
34:55 Siege Engineers
35:43 Squires
35:04 Pikeman
35:30 Arson
39:57 Halberdier
42:15 Onager
58:34 Caravan
59:24 Husbandry
58:58 Light Cavalry
60:38 Iron Casting
60:09 Scale Barding Armor
65:45 Blast Furnace
65:06 Chain Barding Armor
MYTH NICAZ
0:28 Loom
11:17 Feudal Age
17:50 Castle Age
16:46 Fishing Lines
17:49 Double-Bit Axe
18:36 Caravan
19:54 Town Watch
20:38 Bow Saw
22:14 Wheelbarrow
26:47 Hand Cart
28:05 Horse Collar
33:14 Imperial Age
31:44 Heavy Plow
31:36 Gold Mining
31:38 Stone Mining
31:56 Fletching
32:06 Padded Archer Armor
33:05 Fortified Wall
34:59 Chemistry
33:51 Crossbowman
34:44 Bodkin Arrow
35:05 Leather Archer Armor
35:06 Masonry
34:29 Arbalester
35:39 Ballistics
35:54 Conscription
36:42 Thumb Ring
36:39 Bracer
37:32 Elite Skirmisher
39:35 Heavy Cavalry Archer
40:20 Torsion Engines
41:09 Ring Archer Armor
43:38 Two-Man Saw
42:29 Capped Ram
52:07 Siege Ram
60:47 Husbandry
60:08 Light Cavalry
60:56 Scale Barding Armor
61:24 Hussar
62:11 Onager
63:13 Forging
64:10 Chain Barding Armor
Fravo
14:04 Feudal Age
19:24 Castle Age
18:13 Fishing Lines
18:46 Loom
19:08 Double-Bit Axe
21:29 Man-at-Arms
21:54 Gambesons
23:13 Bow Saw
22:26 Long Swordsman
24:15 Scale Mail Armor
24:58 Wheelbarrow
24:54 Gillnets
25:18 Long Swordsman
26:19 Squires
26:53 Squires
26:40 Arson
32:55 Hand Cart
32:25 Town Watch
35:30 Chain Mail Armor
35:49 Gold Mining
35:41 Horse Collar
35:54 Stone Mining
36:08 Fletching
40:04 Imperial Age
38:52 Ballistics
38:28 Murder Holes
38:43 Masonry
39:14 Gold Shaft Mining
38:41 Heavy Plow
38:45 Caravan
40:32 Forging
40:28 Onager
40:52 Two-Handed Swordsman
41:23 Capped Ram
42:15 Champion
42:21 Pikeman
44:44 Plate Mail Armor
44:47 Conscription
43:48 Hamask
46:24 Siege Engineers
47:19 Chemistry
46:57 Heavy Scorpion
47:35 Halberdier
51:38 Siege Onager
54:11 Iron Casting
53:33 Bodkin Arrow
55:37 Hoardings
54:36 Northmen's Fury
56:11 Champion
57:06 Siege Ram
60:56 Stone Shaft Mining
Jomaloro
0:38 Loom
12:33 Feudal Age
16:41 Castle Age
14:55 Fishing Lines
15:08 Double-Bit Axe
17:15 Wheelbarrow
26:10 Horse Collar
27:24 Hand Cart
27:44 Bow Saw
30:43 Imperial Age
28:45 Gold Mining
29:18 Silk Road
28:54 Fletching
29:16 Padded Archer Armor
29:55 Heavy Plow
29:42 Town Watch
29:52 Stone Mining
30:45 Leather Archer Armor
31:00 Ballistics
30:43 Town Patrol
30:57 Caravan
32:28 Chemistry
32:27 Ring Archer Armor
32:04 Thumb Ring
32:40 Conscription
32:41 Pirotechnia
33:34 Bodkin Arrow
34:32 Bracer
36:05 Two-Man Saw
35:42 Crop Rotation
41:10 Scale Barding Armor
41:06 Scale Mail Armor
41:16 Forging
40:28 Elite Genoese Crossbowman
60:09 Bombard Tower
59:30 Treadmill Crane
60:01 Fortified Wall
60:03 Masonry
59:48 Murder Holes
61:16 Guard Tower
61:12 Arrowslits
66:23 Keep
66:19 Architecture
Wgonzalez079389
0:48 Loom
13:14 Feudal Age
19:37 Castle Age
18:15 Wheelbarrow
18:29 Horse Collar
18:37 Double-Bit Axe
19:09 Stone Mining
19:14 Gold Mining
19:36 Forging
19:17 Fletching
23:31 Hand Cart
28:33 Fortified Wall
29:36 Bow Saw
30:35 Heavy Plow
34:03 Imperial Age
32:10 Caravan
32:56 Bodkin Arrow
33:36 Iron Casting
34:34 Ballistics
34:17 Scale Mail Armor
35:48 Chemistry
35:58 Crenellations
36:17 Heated Shot
36:39 Masonry
37:47 Conscription
37:29 Onager
40:46 Two-Man Saw
46:03 Town Watch
46:50 Crop Rotation
47:41 Ironclad
48:12 Guilds
49:53 Stone Shaft Mining
49:34 Siege Onager
51:28 Blast Furnace
50:36 Siege Engineers
52:44 Town Patrol
53:05 Chain Mail Armor
61:08 Elite Teutonic Knight
Connection lost

Rejoining the realm…

Still unreachable

The connection could not be restored.

Session expired

The server has moved on; the page needs a fresh start.